 Dungeon Crawl Stone Soup version 0.18.1-5-g4a78601 (webtiles) character file.

51 LORDOFBUTT the Skirmisher (level 3, -2/43 HPs)
             Began as a Demonspawn Berserker on May 10, 2016.
             Was a Believer of Trog.
             Slain by LORDOFBUTT's ghost (11 damage)
             ... on level 3 of the Dungeon.
             The game lasted 00:01:26 (1563 turns).

LORDOFBUTT the Skirmisher (Demonspawn Berserker)    Turns: 1563, Time: 00:01:27

Health: -2/43      AC:  2    Str: 22    XL:     3   Next: 57%
Magic:  3/3        EV: 13    Int:  8    God:    Trog [**....]
Gold:   142        SH:  0    Dex: 13    Spells: 0 memorised, 2 levels left

rFire  . . .     SeeInvis .       - Unarmed
rCold  . . .     Gourm    .     a - +0 animal skin
rNeg   . . .     Faith    .     (no shield)
rPois  +         Spirit   .     (no helmet)
rElec  .         Dismiss  .     (no cloak)
rCorr  .         Reflect  .     (no gloves)
SustAt .         Harm     .     (no boots)
MR     .....                    (no amulet)
Stlth  ..........               (no ring)
                                f - ring of poison resistance

@: berserking, very quick, not resistant to hostile enchantments, extremely
unstealthy
A: demonic guardian 1
a: Berserk, Trog's Hand, Burn Spellbooks, Renounce Religion


You were on level 3 of the Dungeon.
You worshipped Trog.
Trog was pleased with you.
You were full.

You visited 1 branch of the dungeon, and saw 3 of its levels.

You collected 142 gold pieces.

Inventory:

Armour
 a - a +0 animal skin (worn)
Jewellery
 f - a ring of poison resistance (left hand)
Scrolls
 c - 5 scrolls of teleportation {unknown}
 e - 2 scrolls of identify {unknown}
 h - a scroll of enchant weapon {unknown}
 m - a scroll of blinking {unknown}
Potions
 d - a potion of heal wounds {unknown}
 g - a potion of curing {unknown}
 i - a potion of agility {unknown}
 j - a potion of resistance {unknown}
 k - a potion of degeneration {unknown}
 l - a potion of might {unknown}
Comestibles
 b - a bread ration


   Skills:
 + Level 3.4 Fighting
 + Level 1.9 Armour
 + Level 2.9 Dodging
 + Level 3.0 Unarmed Combat


You had 2 spell levels left.
You didn't know any spells.

Dungeon Overview and Level Annotations

Branches:
Dungeon (3/15)

Altars:

Annotations:
D:3 LORDOFBUTT's ghost, amateur DsBe


Innate Abilities, Weirdness & Mutations

A weak demonic guardian rushes to your aid.


Message History

Trog accepts your kill.
You see here a club.
You start resting.
LORDOFBUTT's ghost (amateur Demonspawn Berserker) comes into view.
LORDOFBUTT's ghost turns its malevolent gaze towards you.
LORDOFBUTT's ghost hits you.
* * * LOW HITPOINT WARNING * * *
You are too injured to fight recklessly!
You are too injured to fight recklessly!
You are too injured to fight recklessly!
A red film seems to cover your vision as you go berserk!
You feel yourself moving faster!
You feel mighty!
You feel somewhat less full. LORDOFBUTT's ghost barely misses you.
You closely miss LORDOFBUTT's ghost. LORDOFBUTT's ghost misses you.
You punch LORDOFBUTT's ghost!
LORDOFBUTT's ghost is moderately damaged.
You miss LORDOFBUTT's ghost.
LORDOFBUTT's ghost is moderately damaged.
LORDOFBUTT's ghost hits you!
You die...

#..# ########..##### .
#.............#
#.###..#####..###.#
#.......†......#.#
#.##..######..#.#.# .
#..######.!#.#.# #
#......##..#.#.#####.
#
#.####.##..).@W......
#
##.####.##.##.5#<#####
###......# #####.# #
.....##### #.# ####.#
### # #... #####


You could see LORDOFBUTT's ghost and a friendly white imp.

Vanquished Creatures
  A gnoll (D:2)
  An adder (D:3)
  2 giant cockroaches
  2 goblins (D:1)
  3 hobgoblins
  6 kobolds
  10 bats
  2 giant newts
  6 rats
33 creatures vanquished.

Notes
Turn   | Place    | Note
--------------------------------------------------------------
     0 | D:1      | LORDOFBUTT the Demonspawn Berserker began the quest for the Orb.
     0 | D:1      | Reached XP level 1. HP: 18/18 MP: 1/1
   161 | D:1      | Gained mutation: A weak demonic guardian rushes to your aid. [demonic ancestry]
   161 | D:1      | Reached XP level 2. HP: 22/24 MP: 2/2
   714 | D:2      | Reached XP level 3. HP: 19/29 MP: 3/3
   886 | D:2      | Reached ** piety under Trog
  1558 | D:3      | Noticed LORDOFBUTT's ghost (amateur DsBe)
  1563 | D:3      | Slain by LORDOFBUTT's ghost

Skill      XL: |  1  2  3 |
---------------+----------+-----
Dodging        | 2 |  2.9
Unarmed Combat | 3 |  3.0
Fighting       | |  3.4
Armour         | |  1.9

Action                   || total
-------------------------++-------
Melee: Unarmed           ||   152
       Punch             ||     1
Invok: Berserk           ||     2
 Stab: Sleeping          ||     1
  Eat: Fruit             ||     8
       Pizza             ||     1
Armor: Animal skin       ||    35
Dodge: Dodged            ||   115
